 Dungeon Crawl Stone Soup version 0.30-a0-459-g9104f0fc43 (webtiles) character file.

Game seed: 7829205006990068915

15827 cforsyth the Grappler (level 12, 0/122 HPs)
             Began as a Troll Fighter on Dec 15, 2022.
             Was a High Priest of Wu Jian.
             Slain by a centaur warrior
             ... wielding a +2 rapier of venom
              (3 damage)
             ... on level 12 of the Dungeon.
             The game lasted 00:16:16 (8910 turns).

cforsyth the Grappler (Troll Fighter)               Turns: 8910, Time: 00:16:17

Health: 0/122      AC:  7    Str: 27    XL:     12   Next: 4%
Magic:  11/11      EV: 10    Int:  8    God:    Wu Jian [*****.]
Gold:   836        SH: 16    Dex: 15    Spells: 11/11 levels left

rFire   . . .      SeeInvis .      - Unarmed
rCold   . . .      Faith    .    b - +0 kite shield
rNeg    . . .      Spirit   .    D - +0 troll leather armour
rPois   .          Reflect  +    (helmet restricted)
rElec   .          Harm     .    C - +0 cloak
rCorr   .          Rampage  .    (gloves unavailable)
Will    .....                    (boots unavailable)
Stlth   +.........               E - amulet of reflection
HPRegen 2.00/turn                g - +6 ring of dexterity
MPRegen 0.12/turn                s - ring of flight

@: mighty, lethally poisoned (0 -> -3), exhausted, flying, hasted, very quick
A: large, unfitting armour, claws 3, regeneration 1, shaggy fur 1, tough skin 1
a: Renounce Religion, Wall Jump, Serpent's Lash, Heavenly Storm


You were on level 12 of the Dungeon.
You worshipped Wu Jian.
Wu Jian was extremely pleased with you.
You visited 1 branch of the dungeon, and saw 12 of its levels.
You also visited: Sewer.

You collected 836 gold pieces.

Inventory:

Missiles
 A - 5 throwing nets (quivered)
Armour
 b - a +0 kite shield (worn)
 z - a +1 robe of the Archmagi
 C - a +0 cloak (worn)
 D - a +0 troll leather armour (worn)
Jewellery
 g - a +6 ring of dexterity (left claw)
 m - a ring of ice
 s - a ring of flight (right claw)
 E - an amulet of reflection (around neck)
 J - an amulet of guardian spirit
Wands
 r - a wand of iceblast (2)
 w - a wand of digging (6)
 B - a wand of charming (3)
 G - a wand of light (4)
 H - a wand of flame (10)
 M - a wand of polymorph (8)
Scrolls
 i - 2 scrolls of silence
 k - 2 scrolls of identify
 n - 2 scrolls of blinking
 q - 4 scrolls of immolation
 u - a scroll of teleportation
 v - 2 scrolls of poison
 y - a scroll of magic mapping
 F - 2 scrolls of fog
 I - a scroll of vulnerability
 N - a scroll of acquirement {unknown}
Potions
 a - a potion of magic
 c - 2 potions of might
 d - 3 potions of haste
 e - 2 potions of cancellation
 f - 2 potions of mutation
 h - 2 potions of invisibility
 j - 8 potions of curing
 l - 3 potions of berserk rage
 o - 2 potions of heal wounds
 p - 3 potions of lignification
 t - 2 potions of attraction {unknown}
 x - 3 potions of ambrosia
 K - 2 potions of brilliance
 L - 2 potions of flight


   Skills:
 + Level 8.8 Fighting
 - Level 4.3 Dodging
 + Level 9.5 Shields
 * Level 13.4 Unarmed Combat


You had 11 spell levels left.
You didn't know any spells.
Your spell library contained the following spells:

 Spells                   Type           Power      Damage    Failure   Level
 Kiss of Death            Conj/Necr      0%         2d5       67%         1
 Cigotuvi's Dreadful Rot  Necr/Pois/Air  0%         N/A       80%         2
 Ensorcelled Hibernation  Hex/Ice        0%         N/A       80%         2
 Static Discharge         Conj/Air       0%         2-2/arc   80%         2
 Sublimation of Blood     Necr           0%         N/A       80%         2
 Confusing Touch          Hex            0%         N/A       95%         3
 Spider Form              Tmut/Pois      0%         N/A       95%         3
 Vhi's Electric Charge    Tloc/Air       0%         N/A       95%         3
 Airstrike                Air            0%         2d(0-16)  100%        4
 Anguish                  Hex/Necr       0%         N/A       100%        4
 Dispel Undead            Necr           0%         3d6       100%        4
 Petrify                  Tmut/Erth      0%         N/A       100%        4
 Summon Lightning Spire   Summ/Air       0%         N/A       100%        4
 Arcjolt                  Conj/Air       0%         1d10      100%        5
 Blade Hands              Tmut           0%         N/A       100%        5
 Irradiate                Conj/Tmut      0%         3d11      100%        5
 Lightning Bolt           Conj/Air       0%         1d11      100%        5
 Summon Forest            Summ/Tloc      0%         N/A       100%        5
 Summon Mana Viper        Hex/Summ       0%         N/A       100%        5
 Death Channel            Necr           0%         N/A       100%        6
 Summon Cactus Giant      Summ           0%         N/A       100%        6
 Dragon Form              Tmut           0%         N/A       100%        7
 Maxwell's Capacitive Co  Air            0%         ∞         100%        8


Dungeon Overview and Level Annotations

Branches:
Dungeon (12/15)            Temple (0/1) D:5            Lair (0/5) D:10
    Orc (0/2) D:9           Sewer (visited)

Altars:
Hepliaklqana
Wu Jian
Xom
Zin
The Shining One

Shops:
D:1 :   D:10 :

Annotations:
D:3 2 transporters, oldmanjim's ghost, weakling MiFi


Innate Abilities, Weirdness & Mutations

You are too large for most types of armour.
You have claws for hands.
Your natural rate of healing is unusually fast.
You are covered in fur. (AC +1)
You have tough skin. (AC +1)


Message History

You block the death knight's attack.
Your muscles tense, ready for explosive movement...
You mangle the death knight!!
The death knight is almost dead.
The death knight invokes the aid of Yredelemnul against you.
Your body is wracked with pain!
* * * LOW HITPOINT WARNING * * *
You spin and attack the death knight, with incredible momentum.
You mangle the death knight!!
You blow up the death knight!
The Council accepts your kill.
You have reached level 12!
You feel stronger.
Your supernatural speed expires.
There is an open door, spattered with blood here.
Things that are here:
a +4 morningstar; a +0 chain mail You mangle the centaur warrior!!
The centaur warrior is moderately wounded.
The centaur warrior unwields a +3 shortbow.
The centaur warrior wields a +2 rapier of venom.
It begins to drip with poison!
The centaur warrior hits you with a +2 rapier of venom.
* * * LOW HITPOINT WARNING * * *
You are poisoned.
You block the centaur warrior's attack.
You mangle the centaur warrior!!
The centaur warrior is severely wounded.
You feel sick. You block the centaur warrior's attack.
The centaur warrior kicks you but does no damage.
Unknown command.
Unknown command.
You completely miss the centaur warrior.
The centaur warrior is severely wounded.
You feel sick.
The centaur warrior hits you with a +2 rapier of venom!
* * * LOW HITPOINT WARNING * * *
You are lethally poisoned!
The centaur warrior kicks you.
You die...

######...........................
............#####+##.....###+#...
............#......#.....# #...
............#......#.....# #...
............#......#.....# #...
............#......#.....# #...
............#......#.....#####...
..#####.....#..○○..#.............
..#...#.....####@###.............
..#...#........Bc................
..#...#.........C.........###....
..'...#.................###..#...
.)#...#............)..###....#...
..#...#....).....D..###..#####...
..#...#...........###[.)....)#...
..#...#.........##...#########...
..#####.......###...#...(...[#...


You could see a boulder beetle, an eight-headed hydra, a centaur warrior and a
cyclops.

Vanquished Creatures
  Rupert (D:12)
  Harold (D:9)
  A death knight (D:12)
  A boulder beetle (D:11)
  2 two-headed ogres (D:12)
  An ugly thing (D:12)
  A deep elf pyromancer (D:12)
  3 cyclopes (D:12)
  8 slime creatures (D:12)
  A komodo dragon (D:10)
  3 unseen horrors
  4 trolls
  Prince Ribbit (D:5)
  A wraith (D:12)
  2 wyverns
  11 yaks
  An acid dragon (D:12)
  Duvessa (D:4)
  4 orc warriors
  An ice beast (D:6)
  A sky beast (D:7)
  3 black bears
  An ogre (D:7)
  2 centaurs (D:11)
  A phantom (D:6)
  4 kobold brigands
  A necrophage (D:7)
  6 bullfrogs
  3 scorpions
  5 wights
  Dowan (D:4)
  9 killer bees
  4 jellies
  4 hounds
  2 orc priests
  4 iguanas
  Terence (D:3)
  9 orc wizards
  6 adders
  2 shadow imps (D:7)
  2 white imps
  4 dart slugs
  27 orcs
  4 endoplasms
  10 giant cockroaches
  2 hobgoblins (D:3)
  3 jackals (D:1)
  30 kobolds
  10 quokkas
  10 ball pythons
  8 bats
  6 frilled lizards
  4 goblins
  4 rats
242 creatures vanquished.

Vanquished Creatures (others)
  33 plants (D:10)
33 creatures vanquished.

Grand Total: 275 creatures vanquished

Notes
Turn   | Place    | Note
-------+----------+-------------------------------------------
     0 | D:1      | cforsyth the Troll Fighter began the quest for the Orb.
     0 | D:1      | Reached XP level 1. HP: 22/22 MP: 0/0
   137 | D:1      | Reached XP level 2. HP: 28/29 MP: 1/1
   227 | D:1      | Found Moamar's Book Shoppe.
   447 | D:2      | Reached XP level 3. HP: 36/36 MP: 2/2
   521 | D:2      | Found an ornate altar of the Wu Jian Council.
   554 | D:2      | Became a worshipper of the Wu Jian Council
   888 | D:2      | Identified the +9 short sword of Shrieking Terror {drain,
                  | rC- Dex+7}
  1196 | D:3      | Found a glowing drain.
  1216 | D:3      | Reached XP level 4. HP: 45/45 MP: 3/3
  1217 | Sewer    | Entered a sewer
  1229 | Sewer    | Reached * piety under Wu Jian
  1287 | Sewer    | Noticed a bullfrog
  1287 | Sewer    | Noticed a bullfrog
  1293 | Sewer    | Killed a bullfrog
  1294 | Sewer    | Reached skill level 3 in Unarmed Combat
  1294 | Sewer    | Reached XP level 5. HP: 45/53 MP: 4/4
  1439 | D:3      | Found a transporter.
  1442 | D:3      | Noticed oldmanjim's ghost (weakling MiFi)
  1451 | D:3      | Found a transporter.
  1507 | D:3      | Noticed Terence
  1514 | D:3      | Killed Terence
  1539 | D:3      | Found a faded altar of an unknown god.
  1554 | D:3      | Reached XP level 6. HP: 56/61 MP: 5/5
  2034 | D:4      | Found a glowing golden altar of the Shining One.
  2106 | D:4      | Reached ** piety under Wu Jian
  2226 | D:4      | Noticed Duvessa
  2226 | D:4      | Noticed Dowan
  2242 | D:4      | Killed Duvessa
  2243 | D:4      | Reached skill level 4 in Unarmed Combat
  2243 | D:4      | Reached XP level 7. HP: 24/70 MP: 6/6
  2261 | D:4      | Killed Dowan
  2533 | D:5      | Entered Level 5 of the Dungeon
  2553 | D:5      | Noticed Prince Ribbit
  2602 | D:5      | Killed Prince Ribbit
  2627 | D:5      | Found a staircase to the Ecumenical Temple.
  2738 | D:5      | Reached skill level 5 in Unarmed Combat
  3082 | D:6      | Reached XP level 8. HP: 39/79 MP: 7/7
  3153 | D:6      | Reached skill level 5 in Shields
  3300 | D:6      | Reached skill level 6 in Unarmed Combat
  3321 | D:6      | Reached skill level 5 in Fighting
  4127 | D:7      | Reached skill level 7 in Unarmed Combat
  4175 | D:7      | Reached XP level 9. HP: 76/88 MP: 8/8
  4219 | D:7      | Found a hazy altar of Hepliaklqana.
  4366 | D:7      | Reached *** piety under Wu Jian
  4371 | D:7      | Noticed a troll
  4537 | D:7      | Killed a troll
  4745 | D:7      | Reached skill level 8 in Unarmed Combat
  5147 | D:7      | Reached skill level 9 in Unarmed Combat
  5818 | D:9      | Reached XP level 10. HP: 71/100 MP: 9/9
  6039 | D:9      | Found a staircase to the Orcish Mines.
  6140 | D:9      | Noticed Harold
  6146 | D:9      | Killed Harold
  6147 | D:9      | Reached skill level 10 in Unarmed Combat
  6267 | D:9      | Identified the +6 scale mail of the Pit {Harm rElec Will+
                  | Regen+}
  6777 | D:10     | Entered Level 10 of the Dungeon
  6823 | D:10     | Found a glowing silver altar of Zin.
  6824 | D:10     | Found a shimmering altar of Xom.
  6824 | D:10     | Noticed an angel
  6920 | D:10     | Found a staircase to the Lair.
  6967 | D:10     | Reached **** piety under Wu Jian
  7031 | D:10     | Reached skill level 11 in Unarmed Combat
  7285 | D:10     | Found Dachadoa's Self-Improvement Boutique.
  7498 | D:11     | Found an ornate altar of the Wu Jian Council.
  7672 | D:11     | Noticed a boulder beetle
  7700 | D:11     | Killed a boulder beetle
  7701 | D:11     | Reached XP level 11. HP: 110/110 MP: 10/10
  7774 | D:11     | Got Utyeblun's Catalogue of the Unholy Birds
  8155 | D:12     | Reached skill level 12 in Unarmed Combat
  8208 | D:12     | Noticed Rupert
  8211 | D:12     | Paralysed by Rupert for 4 turns
  8227 | D:12     | Killed Rupert
  8261 | D:12     | Noticed a two-headed ogre
  8261 | D:12     | Noticed a brown ugly thing
  8268 | D:12     | Killed a two-headed ogre
  8273 | D:12     | Killed a brown ugly thing
  8302 | D:12     | Identified the +1 chain mail "Muim Zip" {Harm Fly rCorr
                  | Str+4}
  8310 | D:12     | Noticed a two-headed ogre
  8321 | D:12     | Killed a two-headed ogre
  8376 | D:12     | Reached ***** piety under Wu Jian
  8415 | D:12     | Reached skill level 13 in Unarmed Combat
  8661 | D:12     | Noticed a deep elf pyromancer
  8680 | D:12     | Killed a deep elf pyromancer
  8884 | D:12     | Noticed a death knight
  8885 | D:12     | Noticed an eight-headed hydra
  8885 | D:12     | Noticed a centaur warrior
  8886 | D:12     | Noticed a boulder beetle
  8908 | D:12     | Killed a death knight
  8908 | D:12     | Reached XP level 12. HP: 20/122 MP: 11/11
  8910 | D:12     | HP: 3/122 [centaur warrior/+2 rapier of venom (12)]
  8910 | D:12     | Slain by a centaur warrior

Illustrated notes

Levels and vault maps discovered:
D:1:      psy_arrival_basics, layout_rooms, serial_shops, shop
D:2:      layout_loops_cross, basic_altar
D:3:      layout_basic, cheibrodos_sewer_entry_drain, gammafunk_ghost_arena,
          hellmonk_ecumenical_altar_run_dry, uniq_terence
D:4:      dreamdust_elfheim, layout_cave_pools, nicolae_tso_swordbearing_angel
D:5:      layout_rooms, minmay_temple_entry_offerings, serial_corexii_hall,
          chequers_hall_statues_wall_a, corexii_hall_statues_l,
          uniq_prince_ribbit1
D:6:      layout_basic, chequers_avenue
D:7:      layout_basic, old_standard_altar, serial_rivers,
          chequers_serial_rivers_large_a, chequers_serial_rivers_room_b,
          chequers_serial_rivers_room_b, chequers_serial_rivers_micro_b,
          chequers_serial_rivers_small_b, chequers_serial_rivers_micro_d,
          minmay_fractal_squares_gapless_5
D:8:      layout_cave_pools
D:9:      layout_basic, orc_0_dummy, glass_columns_a, uniq_harold
D:10:     layout_roguey, grunt_temple_overflow_order_and_chaos_1,
          david_lair_shrubbed, nicolae_shop_self_help
D:11:     layout_irregular_city, nicolae_wu_jian_wuxing_cycle
D:12:     minmay_the_grid_triangle_9x9_rhombus_thin_mashed
          [minmay_the_grid_triangle_9x9_descending_squares,
          minmay_the_grid_triangle_9x9_prize_schism,
          minmay_the_grid_triangle_9x9_wacky_v,
          minmay_the_grid_triangle_9x9_impossible_snake], layout_irregular_city,
          uniq_rupert

Skill      XL: |  1  2  3  4  5  6  7  8  9 10 11 |
---------------+----------------------------------+-----
Shields        | 3 4 5 7 8 9 |  9.5
Fighting       | 3 4 5 6 7 8 |  8.8
Dodging        | 3 4 |  4.3
Unarmed Combat | 3 4 5 7 9 11 13 | 13.4

Action                   |  1- 3 |  4- 6 |  7- 9 | 10-12 || total
-------------------------+-------+-------+-------+-------++-------
Melee: Unarmed           |   125 |   100 |   290 |   310 ||   825
Invok: Lunge             |     7 |    10 |    21 |    21 ||    59
       Whirlwind         |       |     2 |    29 |    45 ||    76
       Serpent's Lash    |       |       |       |     1 ||     1
  Use: Scroll            |     1 |     2 |    19 |     5 ||    27
       Potion            |       |       |     1 |     3 ||     4
 Stab: Sleeping          |     1 |     2 |       |       ||     3
       Distracted        |       |     1 |       |       ||     1
Armor: Robe              |    68 |    11 |    44 |       ||   123
       Troll leather arm |       |       |    34 |    38 ||    72
Dodge: Dodged            |    43 |    26 |    98 |    46 ||   213
Block: Kite shield       |    43 |    23 |   121 |   164 ||   351
       Reflection        |       |       |     2 |     8 ||    10

Table legend: (Time is in decaauts)
 A = Elapsed time spent in this place.
 B = Non-inter-level travel time spent in this place.
 C = Inter-level travel time spent in this place.
 D = Time resting spent in this place.
 E = Time spent auto-exploring this place.
 F = Levels seen in this place.
 G = Mean time per level.
                   A        B        C        D        E       F      G
               +--------+--------+--------+--------+--------+-----+--------+
         Total |   8905 |   8668 |    237 |    569 |   6129 |  13 |  685.0 |
       Dungeon |   8708 |   8471 |    237 |    569 |   6056 |  12 |  725.7 |
         Sewer |    196 |    196 |      0 |      0 |     73 |   1 |  196.0 |
               +--------+--------+--------+--------+--------+-----+--------+

Top non-repeatable levels by time:
     D:7: 1181 daAuts
     D:6: 1045 daAuts
     D:9: 998 daAuts
    D:12: 804 daAuts
     D:3: 734 daAuts
    D:10: 700 daAuts
    D:11: 610 daAuts
     D:4: 600 daAuts
     D:2: 590 daAuts
     D:8: 499 daAuts
     D:5: 498 daAuts
     D:1: 446 daAuts
   Sewer: 196 daAuts
